 Dungeon Crawl Stone Soup version 0.30-a0-509-gd016549fea (console) character file.

Game seed: 6060053861449059011

473763 jejorda2 the Acrobat (level 24, -2/208 HPs)
             Began as a Merfolk Berserker on Dec 21, 2022.
             Was the Champion of Trog.
             Slain by a rockslime (26 damage)
             ... on level 5 of the Pits of Slime on Dec 22, 2022.
             The game lasted 02:55:44 (57546 turns).

jejorda2 the Acrobat (Merfolk Berserker)           Turns: 57546, Time: 02:55:45

Health: -2/208     AC: 51    Str: 23    XL:     24   Next: 40%
Magic:  7/7        EV: 22    Int: 11    God:    Trog [******]
Gold:   5408       SH:  5    Dex: 21    Spells: 23/23 levels left

rFire   . . .      SeeInvis .    b - +9 bardiche (antimagic)
rCold   + + .      Faith    .    (shield currently unavailable)
rNeg    + . .      Spirit   .    T - +15 Maxwell's patent armour {-Cast -Tele rElec Will+ rCorr}
rPois   +          Reflect  +    g - +2 helmet
rElec   +          Harm     .    J - +5 cloak "Ryleit" {rC+ Int+4}
rCorr   +          Rampage  .    y - +2 pair of gloves
Will    ++...      NoTele   +    O - +0 pair of boots
Stlth   .......... NoCast   +    R - amulet "Otaog" {Reflect rPois rC+ Str+3 SH+5}
HPRegen 0.54/turn                l - +4 ring of protection
MPRegen 0.10/turn                Q - ring of positive energy

@: on berserk cooldown, slowed, very slow
A: (nimble swimmer 2), mertail, (teleportitis 1), devolution 1
}: 3/15 runes: serpentine, barnacled, silver
a: Renounce Religion, Berserk, Trog's Hand, Brothers in Arms


You were on level 5 of the Pits of Slime.
You worshipped Trog.
Trog was exalted by your worship.
You visited 8 branches of the dungeon, and saw 43 of its levels.
You visited the Abyss 2 times.
You also visited: Sewer and Wizlab.

You collected 6076 gold pieces.
You spent 668 gold pieces at shops.

Inventory:

Hand Weapons
 a - a +7 vorpal bardiche
 b - a +9 antimagic bardiche (weapon)
Missiles
 c - 8 silver javelins
 i - 10 atropa-tipped darts
 j - 28 poisoned darts
 o - 7 boomerangs of dispersal
 t - 6 throwing nets
 H - 4 javelins (quivered)
 K - 3 curare-tipped darts
 M - 29 boomerangs
Armour
 g - a +2 helmet (worn)
 y - a +2 pair of gloves (worn)
 J - the +5 cloak "Ryleit" (worn) {rC+ Int+4}
   (You acquired it on level 3 of the Shoals)

   Int:       It affects your intelligence (+4).
   rC:        It protects you from cold.
 O - a +0 pair of boots (worn)
 T - the +15 Maxwell's patent armour (worn) {-Cast -Tele rElec Will+ rCorr}
   (You found it in a wizard's laboratory)

   rElec:     It insulates you from electricity.
   -Cast:     It prevents spellcasting.
   -Tele:     It prevents most forms of teleportation.
   rCorr:     It protects you from acid and corrosion.
   Will:      It increases your willpower.
Jewellery
 l - a +4 ring of protection (left hand)
 E - a ring of protection from fire
 Q - a ring of positive energy (right hand)
 R - the amulet "Otaog" (around neck) {Reflect rPois rC+ Str+3 SH+5}
   (You found it on level 2 of the Lair of Beasts)

   [amulet of reflection]

   It reflects blocked missile attacks.
   Str:       It affects your strength (+3).
   rC:        It protects you from cold.
   rPois:     It protects you from poison.
   SH:        It affects your SH (+5).
Wands
 e - a wand of flame (90)
 n - a wand of digging (21)
 p - a wand of charming (27)
 r - a wand of iceblast (24)
 D - a wand of acid (20)
 I - a wand of polymorph (6)
 S - a wand of mindburst (14)
Scrolls
 q - 2 scrolls of teleportation
 u - 7 scrolls of poison
 v - 5 scrolls of vulnerability
 B - 3 scrolls of silence
 C - 5 scrolls of fear
 L - 11 scrolls of immolation
 P - 5 scrolls of fog
 V - 7 scrolls of magic mapping
 X - 3 scrolls of butterflies
Potions
 d - 21 potions of curing
 f - 4 potions of might
 k - 8 potions of attraction
 m - 5 potions of cancellation
 s - 13 potions of heal wounds
 z - 4 potions of haste
 A - 6 potions of resistance
 F - 6 potions of mutation
 N - 4 potions of flight
 Y - 3 potions of ambrosia
 Z - 4 potions of berserk rage
Miscellaneous
 h - a tin of tremorstones (2/2)
 w - a phial of floods
 x - a condenser vane
 G - a lightning rod (4/4)


   Skills:
 - Level 21.5 Fighting
 - Level 26.4 Polearms
 - Level 16.0 Throwing
 - Level 14.4 Armour
 * Level 26.5 Dodging
 - Level 3.0 Stealth
 - Level 9.0 Evocations


You had 23 spell levels left.
You didn't know any spells.
Your spell library was empty.

Dungeon Overview and Level Annotations

Branches:
Dungeon (15/15)            Temple (0/1) D:4            Lair (5/5) D:8
 Shoals (4/4) Lair:2        Snake (4/4) Lair:3        Slime (5/5) Lair:5
    Orc (2/2) D:11            Elf (3/3) Orc:2        Vaults (5/5) D:14
  Crypt (0/3) Vaults:3     Depths (0/4) D:15          Sewer (visited)
 WizLab (visited)

Altars:
Cheibriados
Fedhas
Hepliaklqana
Kikubaaqudgha
Okawaru
Qazlal
Vehumet
Xom
Jiyva
Lugonu

Shops:
Orc:1 (   Orc:2 (:?(!   Elf:1 =   Shoals:3 (   Snake:1 =   Snake:3 *?(
Vaults:2 [

Portals:
Trove: Vaults:3 (give 6 scrolls of fear)


Innate Abilities, Weirdness & Mutations

((You are very nimble when in or above water. (Stealth+, EV+, Speed+++)))
Your lower body shifts to a powerful aquatic tail in water.
((You are occasionally teleported next to monsters.))
You have hidden genetic defects.


Message History

The golden eye blinks at you. You resist with almost no effort.
The rockslime closely misses you.
You hit the rockslime but do no damage.
The rockslime is moderately wounded.
A large slime creature splits.
The golden eye blinks at you. You resist with almost no effort.
The rockslime hits you!
* * * LOW HITPOINT WARNING * * *
You stumble backwards!
Two slime creatures merge to form a large slime creature.
You are splashed with acid.
* * * LOW HITPOINT WARNING * * *
The rockslime hits you.
* * * LOW HITPOINT WARNING * * *
You stumble backwards!
The golden eye blinks at you. You resist with almost no effort.
The rockslime misses you. The golden eye blinks at you.
You resist with almost no effort. The rockslime hits you.
* * * LOW HITPOINT WARNING * * *
You hold your ground!
The golden eye blinks!
You block the rockslime's attack. The large slime creature misses you.
You feel much better. The golden eye blinks at you.
You resist with almost no effort. The rockslime misses you.
The golden eye blinks at you. You resist with almost no effort.
You block the large slime creature's attack.
The rockslime hits you!!
* * * LOW HITPOINT WARNING * * *
You hold your ground!
You feel much better. The large slime creature hits you!
* * * LOW HITPOINT WARNING * * *
The rockslime hits you but does no damage.
The rockslime closely misses you.
A large slime creature splits.
Okay, then.
Your stone giant goes berserk!
You are no longer corroded.
The rockslime hits you!!
You die...

###...G....
##..........
#...........
#...........
#...........
####...........
####C...<.........
#.#.J.............
##...@J............
###....JG............
###....................
#.##...................
##...#................#
#.#...................
#..................##
#...........^.....##
###................##


You could see 2 slime creatures, a rockslime (ally target), a golden eye and a
friendly stone giant (summoned, berserk).

Vanquished Creatures
  3 dread liches (Vaults:5)
  Bai Suzhen (Snake:4)
  Saint Roka (Vaults:2)
  A golden dragon (Vaults:5)
  An electric golem (WizLab)
  4 tentacled monstrosities (Vaults:5)
  Asterion (Elf:3)
  5 titans (Vaults:5)
  7 acid blobs
  A deep elf blademaster (Elf:3)
  A quicksilver dragon (Vaults:5)
  2 deep elf master archers (Elf:3)
  The ghost of Maeg the Wrestler, an adept TrMo of Jiyva (Snake:3)
  2 tentacled starspawn (Abyss:3)
  2 krakens
  Polyphemus (Shoals:4)
  2 sphinxes
  Kirke (D:14)
  2 tengu reavers (Vaults:5)
  2 storm dragons (Vaults:5)
  Agnes (Elf:1)
  Donald (Elf:1)
  8 shadow dragons (Vaults:5)
  Ilsuiw (Shoals:3)
  4 rockslimes
  A fenstrider witch (Shoals:4)
  11 nagarajas
  An iron dragon (Vaults:5)
  5 fire giants
  An azure jelly (Slime:3)
  4 frost giants
  Aizul (Snake:2)
  Louise (Shoals:2)
  7 deep elf sorcerers (Elf:3)
  An angel (WizLab)
  21 vault wardens
  5 deep elf elementalists (Elf:3)
  20 ironbound preservers
  13 ironbound thunderhulks
  2 orc warlords
  13 very ugly things
  2 war gargoyles (WizLab)
  Nessos (Lair:4)
  12 deep elf annihilators
  4 stone giants
  5 deep elf demonologists
  4 dire elephants (Vaults:1)
  3 crystal guardians (WizLab)
  3 deep elf death magi (Elf:3)
  A fire dragon (Lair:5)
  5 ettins
  10 yaktaur captains
  8 deep elf high priests
  3 merfolk javelineers
  16 merfolk impalers
  2 salamander tyrants
  A rakshasa (D:14)
  An entropy weaver (Vaults:2)
  Erolcha (Orc:2)
  11 great orbs of eyes
  Harold (Lair:2)
  33 vault guards
  9 hydras
  A spriggan zombie (Abyss:3)
  10 peacekeepers (WizLab)
  9 ironbound frosthearts
  6 centaur warriors
  2 merfolk avatars
  4 catoblepae
  13 anacondas
  18 naga warriors
  3 satyrs
  8 boulder beetles
  An alligator snapping turtle (Shoals:2)
  7 ogre magi
  3 death yaks (Shoals:4)
  4 merfolk aquamancers
  A deep troll earth mage (D:12)
  27 dancing weapons
  15 two-headed ogres
  4 thrashing horrors (Abyss:3)
  23 naga sharpshooters
  20 deep elf knights
  2 shock serpents
  2 hell knights
  10 skeletal warriors
  2 salamander mystics
  A steelbarb worm (shapeshifter) (Vaults:2)
  10 sea snakes
  44 deep trolls
  A glowing orange brain (shapeshifter) (Vaults:3)
  2 starcursed masses (Abyss:3)
  2 naga ritualists
  A swamp dragon (shapeshifter) (Vaults:5)
  A harpy (shapeshifter) (Elf:1)
  8 deep elf archers
  7 orc knights
  Pikel (D:7)
  7 lindwurms
  22 ironbound convokers
  9 wizards
  29 deep elf zephyrmancers
  23 deep elf pyromancers
  39 harpies
  3 phantasmal warriors (Vaults:5)
  4 mana vipers
  8 necromancers
  A fire giant zombie (Vaults:3)
  24 ugly things
  7 orc sorcerers
  A worldbinder (Abyss:3)
  2 shining eyes
  9 cyclopes
  8 fauns
  9 salamanders
  16 manticores
  A tengu skeleton (Vaults:3)
  A sphinx skeleton (Vaults:3)
  5 merfolk sirens
  A stone giant skeleton (Vaults:4)
  An elf zombie (Vaults:4)
  A human zombie (Vaults:3)
  4 torpor snails (Lair:5)
  16 vault sentinels
  9 guardian serpents
  12 elephants (Lair:2)
  35 black mambas
  6 molten gargoyles
  2 eyes of devastation
  9 naga magi
  12 water nymphs
  2 unseen horrors
  8 gargoyles
  11 cane toads
  2 elf skeletons (Vaults:3)
  A tormentor (Abyss:3)
  Maggie (D:7)
  A kobold demonologist (D:12)
  12 komodo dragons
  2 ancient zymes (Abyss:3)
  2 yaktaur skeletons (Vaults:3)
  30 yaktaurs
  A polar bear (Lair:3)
  2 trolls
  A meliai (shapeshifter) (D:12)
  3 meliai (D:13)
  32 merfolk
  A harpy zombie (Abyss:3)
  A raiju (shapeshifter) (Vaults:2)
  3 raiju (Abyss:3)
  55 slime creatures
  A dream sheep (shapeshifter) (D:12)
  10 wind drakes
  13 blink frogs
  A sphinx simulacrum (Vaults:3)
  10 dream sheep
  12 snapping turtles
  2 vampires
  An air elemental (Elf:1)
  64 yaks
  2 spriggans (Lair:3)
  16 water elementals
  5 wraiths
  An ettin skeleton (Vaults:3)
  3 flying skulls (Abyss:3)
  9 wyverns
  A ynoxinul (Abyss:3)
  2 large abominations (Abyss:3)
  4 fire elementals
  6 golden eyes (Slime:4)
  5 basilisks
  5 chaos spawn (Elf:3)
  2 hogs (D:14)
  16 humans (D:14)
  A warg (Orc:1)
  3 small abominations (Abyss:3)
  5 steam dragons
  10 vampire mosquitoes
  A redback (Vaults:2)
  Edmund (D:4)
  40 nagas
  A glowing shapeshifter zombie (Vaults:3)
  3 hell hounds (Lair:5)
  8 water moccasins
  Duvessa (D:7)
  An ice beast (D:7)
  An ogre skeleton (Vaults:4)
  5 black bears
  16 orc warriors
  9 ogres
  3 boggarts (Vaults:2)
  13 wolves
  9 centaurs
  An elf simulacrum (Vaults:1)
  2 phantoms
  2 kobold brigands
  Blork the orc (D:4)
  11 bullfrogs
  3 gnoll sergeants
  5 earth elementals
  2 necrophages
  3 human skeletons (Vaults:3)
  3 scorpions
  5 wights
  Dowan (D:7)
  6 killer bees
  5 howler monkeys
  An electric eel (Lair:5)
  A crimson imp (Abyss:3)
  6 lava snakes (Lair:5)
  3 jellies
  A gnoll bouda (D:8)
  5 orc priests
  2 hounds (D:5)
  3 iguanas
  29 orc wizards
  2 lightning spires (WizLab)
  5 hell rats (Lair:5)
  24 gnolls
  2 river rats (D:4)
  11 adders
  A shadow imp (D:9)
  4 white imps
  5 ufetubi
  4 worms
  A dart slug (D:3)
  63 orcs
  7 ball pythons
  2 bats
  11 endoplasms
  10 giant cockroaches
  8 goblins
  6 hobgoblins
  6 jackals
  7 quokkas
  7 frilled lizards
  11 kobolds
  8 rats
  7 tentacles
1714 creatures vanquished.

Vanquished Creatures (collateral kills)
  A nagaraja (Snake:4)
  An ironbound thunderhulk (Vaults:3)
  A merfolk javelineer (Shoals:1)
  A salamander tyrant (Snake:4)
  3 vault guards (Vaults:5)
  A merfolk avatar (Shoals:1)
  3 skeletal warriors (D:13)
  An ironbound convoker (Vaults:3)
  A guardian serpent (Snake:4)
  3 merfolk (Shoals:4)
  An orc (D:6)
17 creatures vanquished.

Vanquished Creatures (others)
  A deep elf elementalist (Elf:3)
  A deep elf zephyrmancer (Elf:3)
  A wizard (Vaults:2)
  A yak (D:6)
  2 bushes (Abyss:3)
  28 fungi
  94 plants
  2 starspawn tentacles (Abyss:3)
  12 tentacles
142 creatures vanquished.

Grand Total: 1873 creatures vanquished

Notes
Turn   | Place    | Note
-------+----------+-------------------------------------------
     0 | D:1      | jejorda2 the Merfolk Berserker began the quest for the Orb.
     0 | D:1      | Reached XP level 1. HP: 18/18 MP: 1/1
   103 | D:1      | Reached XP level 2. HP: 24/24 MP: 2/2
   288 | D:1      | Reached XP level 3. HP: 17/29 MP: 3/3
   584 | D:2      | Reached skill level 5 in Polearms
   589 | D:2      | Reached XP level 4. HP: 37/37 MP: 4/4
   599 | D:2      | Reached ** piety under Trog
  1166 | D:3      | Noticed a scorpion
  1170 | D:3      | Killed a scorpion
  1171 | D:3      | Reached XP level 5. HP: 42/42 MP: 5/5
  1731 | D:3      | Found a faded altar of an unknown god.
  2197 | D:4      | Reached XP level 6. HP: 47/49 MP: 6/6
  2220 | D:4      | Noticed Blork the orc
  2237 | D:4      | Killed Blork the orc
  2365 | D:4      | Reached skill level 5 in Dodging
  2376 | D:4      | Found a glowing drain.
  2404 | Sewer    | Entered a sewer
  2459 | Sewer    | Reached *** piety under Trog
  2527 | Sewer    | Reached skill level 5 in Fighting
  2527 | Sewer    | Reached XP level 7. HP: 31/56 MP: 7/7
  2893 | D:4      | Noticed Edmund
  2901 | D:4      | Killed Edmund
  3030 | D:4      | Found a staircase to the Ecumenical Temple.
  3367 | D:5      | Entered Level 5 of the Dungeon
  3383 | D:5      | Reached XP level 8. HP: 64/64 MP: 8/8
  3689 | D:5      | Reached skill level 10 in Polearms
  4267 | D:6      | Reached XP level 9. HP: 66/69 MP: 9/9
  4432 | D:6      | Reached **** piety under Trog
  4666 | D:6      | You fall into a shaft and drop 3 floors!
  4670 | D:9      | Identified the +1 plate armour "Wakeq" {Will++}
  5135 | D:7      | Reached XP level 10. HP: 72/76 MP: 10/10
  5156 | D:7      | Reached skill level 15 in Polearms
  5168 | D:7      | Noticed Pikel
  5181 | D:7      | Killed Pikel
  5311 | D:7      | Noticed Duvessa
  5311 | D:7      | Noticed Dowan
  5325 | D:7      | Killed Duvessa
  5349 | D:7      | Killed Dowan
  5488 | D:7      | Identified the +5 short sword of Tanuh {vorpal, Fly Str+2
                  | Int+3 SInv}
  5495 | D:7      | Noticed Maggie
  5506 | D:7      | Killed Maggie
  5939 | D:8      | Found a staircase to the Lair.
  6460 | D:8      | Found a blossoming altar of Fedhas.
  6487 | D:8      | Found a hazy altar of Hepliaklqana.
  6890 | D:9      | Reached skill level 1 in Throwing
  6966 | D:9      | Found a shimmering altar of Xom.
  7680 | D:10     | Entered Level 10 of the Dungeon
  7897 | D:10     | Noticed a boulder beetle
  7911 | D:10     | Killed a boulder beetle
  7912 | D:10     | Reached XP level 11. HP: 84/84 MP: 11/11
  8353 | D:10     | Identified the +3 leather armour of the Five Artists {rF-
                  | Str+6 Int+3 Stlth+}
  8669 | D:11     | Reached skill level 10 in Dodging
  8830 | D:11     | Noticed a two-headed ogre
  8837 | D:11     | Killed a two-headed ogre
  8891 | D:11     | Found a staircase to the Orcish Mines.
  8891 | D:11     | Noticed a cyclops
  8900 | D:11     | Killed a cyclops
  9105 | D:11     | Noticed a cyclops
  9123 | D:11     | Killed a cyclops
  9429 | Lair:1   | Entered Level 1 of the Lair of Beasts
 10143 | Lair:1   | You fall into a shaft and drop 1 floor!
 10176 | Lair:2   | Reached XP level 12. HP: 85/97 MP: 12/12
 10248 | Lair:2   | Identified the amulet "Otaog" {Reflect rPois rC+ Str+3
                  | SH+5}
 10327 | Lair:2   | Reached skill level 10 in Fighting
 10349 | Lair:2   | Reached skill level 5 in Throwing
 10461 | Lair:2   | Noticed a five-headed hydra
 10924 | Lair:2   | Noticed Harold
 10942 | Lair:2   | Killed Harold
 11018 | Lair:2   | Identified the +4 whip of the Spider {spect, Fly rPois}
 11064 | Lair:2   | Killed a five-headed hydra
 11119 | Lair:2   | Found a staircase to the Shoals.
 11380 | Lair:2   | Noticed a seven-headed hydra
 11391 | Lair:2   | Killed a seven-headed hydra
 11537 | Lair:2   | Noticed a catoblepas
 11554 | Lair:2   | Killed a catoblepas
 11909 | Lair:2   | Reached XP level 13. HP: 108/108 MP: 13/13
 12468 | Lair:3   | Found a staircase to the Snake Pit.
 13597 | Lair:4   | Noticed Nessos
 13612 | Lair:4   | Killed Nessos
 14508 | Lair:5   | Entered Level 5 of the Lair of Beasts
 14954 | Lair:5   | Reached skill level 10 in Throwing
 15459 | Lair:5   | Reached XP level 14. HP: 53/115 MP: 14/14
 15657 | Lair:5   | Reached skill level 1 in Evocations
 15789 | Lair:5   | Reached skill level 5 in Armour
 15926 | Lair:5   | Found a viscous altar of Jiyva.
 15926 | Lair:5   | Found a staircase to the Slime Pits.
 16015 | Lair:5   | Identified a scroll of acquirement
 16016 | Lair:5   | Acquired a +2 bardiche of venom
 16115 | Lair:5   | Reached ***** piety under Trog
 16367 | Lair:5   | Found a snail-covered altar of Cheibriados.
 16973 | Lair:5   | Reached skill level 5 in Evocations
 17003 | Lair:5   | Found a large runed translucent door.
 17004 | Lair:5   | Found a large runed translucent door.
 18390 | D:12     | Identified the +2 shortbow "Luri" {drain, Int+4 Dex+4 SInv}
 18392 | D:12     | Identified the +6 scale mail of Henotheism {rElec Dex-2
                  | Slay+5}
 19297 | D:13     | Identified the +3 lajatang of jejorda2's Quick Death {elec,
                  | Will++ Stlth+}
 19356 | D:13     | Reached XP level 15. HP: 120/120 MP: 15/15
 19802 | D:13     | Received a gift from Trog
 19960 | D:13     | Found a stormy altar of Qazlal.
 20624 | D:14     | Noticed Kirke
 20636 | D:14     | Noticed a sphinx
 20636 | D:14     | Killed Kirke
 21115 | D:14     | Found a gate to the Vaults.
 21314 | D:14     | Found a corrupted altar of Lugonu.
 21887 | D:15     | Entered Level 15 of the Dungeon
 22319 | D:15     | Found an iron altar of Okawaru.
 22379 | D:15     | Found a staircase to the Depths.
 22863 | Orc:1    | Entered Level 1 of the Orcish Mines
 23164 | Orc:1    | Found Kudeimar's Weapon Emporium.
 23351 | Orc:2    | Entered Level 2 of the Orcish Mines
 23690 | Orc:2    | Found Kajoec's Weapon Shoppe.
 23746 | Orc:2    | Reached XP level 16. HP: 131/133 MP: 16/16
 23775 | Orc:2    | Found a radiant altar of Vehumet.
 23776 | Orc:2    | Noticed Erolcha
 23790 | Orc:2    | Killed Erolcha
 23830 | Orc:2    | Found Baf Pusooq's Magic Scroll Boutique.
 23850 | Orc:2    | Found an ancient bone altar of Kikubaaqudgha.
 23863 | Orc:2    | Bought a scroll of butterflies for 56 gold pieces
 23883 | Orc:2    | Found Xymaz's Antique Weapon Boutique.
 24096 | Orc:2    | Found Labladuy's Distillery.
 24118 | Orc:2    | Bought a potion of ambrosia for 88 gold pieces
 24118 | Orc:2    | Bought a potion of berserk rage for 55 gold pieces
 24171 | Orc:2    | Found Patolin's Book Boutique.
 24275 | Orc:2    | Found a staircase to the Elven Halls.
 24754 | Shoals:1 | Entered Level 1 of the Shoals
 25530 | Shoals:1 | Reached skill level 15 in Fighting
 25710 | Shoals:1 | Noticed a kraken
 25751 | Shoals:1 | Killed a kraken
 25874 | Shoals:1 | Received a gift from Trog
 26183 | Shoals:2 | Found a runed translucent door.
 26799 | Shoals:2 | Noticed Louise
 26811 | Shoals:2 | Killed Louise
 27562 | Shoals:3 | Noticed a kraken
 27577 | Shoals:3 | Killed a kraken
 27898 | Shoals:3 | Found Nihaja's Weapon Emporium.
 28046 | Shoals:3 | Noticed Ilsuiw
 28066 | Shoals:3 | Killed Ilsuiw
 28067 | Shoals:3 | Reached XP level 17. HP: 144/144 MP: 5/17
 28091 | Shoals:3 | Acquired the +5 cloak "Ryleit" {rC+ Int+4}
 28567 | Shoals:4 | Entered Level 4 of the Shoals
 28572 | Shoals:4 | Received a gift from Trog
 28851 | Shoals:4 | Reached skill level 15 in Throwing
 29135 | Shoals:4 | Got a barnacled rune of Zot
 29353 | Shoals:3 | Bought a throwing net for 54 gold pieces
 29362 | Shoals:4 | Noticed Polyphemus
 29394 | Shoals:4 | Killed Polyphemus
 30192 | Shoals:4 | Received a gift from Trog
 30390 | Shoals:4 | Identified the ring "Seucem" {rPois rC++ rN+ Dex+2 Slay-6}
 30450 | Shoals:4 | Identified the +6 quarterstaff of Uckeg {vorpal, Fly rPois
                  | Str+5}
 31328 | Snake:1  | Entered Level 1 of the Snake Pit
 31508 | Snake:1  | Found Luek's One-of-a-Kind Rings.
 31541 | Snake:1  | Reached XP level 18. HP: 138/151 MP: 18/18
 33412 | Snake:2  | Reached skill level 1 in Stealth
 33642 | Snake:2  | Noticed Aizul
 33656 | Snake:2  | Killed Aizul
 34034 | Snake:3  | Reached skill level 15 in Dodging
 34044 | Snake:3  | Reached ****** piety under Trog
 34603 | Snake:3  | Received a gift from Trog
 34973 | Snake:3  | Found Gocaubea's Assorted Antiques.
 34975 | Snake:3  | Found Xovul's Magic Scroll Shop.
 34978 | Snake:3  | Found Nadoi's Weapon Boutique.
 34989 | Snake:3  | Bought a pair of runed gloves for 195 gold pieces
 35005 | Snake:3  | Bought 3 silver javelins for 115 gold pieces
 35316 | Snake:3  | Found a runed translucent door.
 35317 | Snake:3  | Noticed Maeg's ghost (adept TrMo)
 35343 | Snake:3  | Killed Maeg's ghost
 35627 | Snake:4  | Entered Level 4 of the Snake Pit
 36182 | Snake:4  | Noticed Bai Suzhen
 36198 | Snake:4  | Killed Bai Suzhen
 36348 | Snake:4  | Found a shimmering altar of Xom.
 36667 | Snake:4  | Reached XP level 19. HP: 116/159 MP: 6/19
 37361 | Snake:4  | Received a gift from Trog
 38145 | Snake:4  | Got a serpentine rune of Zot
 38564 | Elf:1    | Entered Level 1 of the Elven Halls
 38715 | Elf:1    | Noticed Donald
 38721 | Elf:1    | Killed Donald
 38804 | Elf:1    | Noticed Agnes
 38817 | Elf:1    | Killed Agnes
 39219 | Elf:1    | Reached skill level 10 in Armour
 39260 | Elf:1    | Received a gift from Trog
 39469 | Elf:1    | Found Qaobbyivoa's Jewellery Shoppe.
 40173 | Elf:2    | Identified the +1 leather armour of the Black Moon {rN+++
                  | Will+ Str+4 Dex+4}
 40776 | Elf:2    | Found an ancient bone altar of Kikubaaqudgha.
 40800 | Elf:2    | Found a runed translucent gate.
 40801 | Elf:2    | Found a runed translucent gate.
 40801 | Elf:2    | Found a runed translucent gate.
 41161 | Elf:2    | Reached XP level 20. HP: 144/170 MP: 6/20
 41182 | Elf:2    | Received a gift from Trog
 41776 | Elf:2    | Upgraded the game from 0.30-a0-476-g330ca2eb8e to
                  | 0.30-a0-509-gd016549fea
 41810 | Elf:3    | Entered Level 3 of the Elven Halls
 42211 | Elf:3    | Noticed Asterion
 42232 | Elf:3    | Killed Asterion
 43052 | Abyss:3  | Cast into level 3 of the Abyss (a deep elf sorcerer)
 43056 | Elf:3    | Escaped the Abyss
 43253 | Elf:3    | Identified the ring "Atuysy" {rN+ Str+6 Int+4}
 43257 | Elf:3    | Received a gift from Trog
 43263 | Abyss:3  | Cast into level 3 of the Abyss (a deep elf demonologist)
 43584 | Elf:3    | Escaped the Abyss
 43686 | Elf:3    | Identified the +7 short sword of Uskayaw's Benevolence
                  | {distort, Str+2 Int-2 Dex+2}
 44320 | Elf:3    | Identified the +1 rapier of Efixeos {holy, Dex+4}
 44365 | Elf:3    | Identified the +5 mace of Eternal Vigilance {freeze, Will+}
 44365 | Elf:3    | Identified the ring "Weypy" {rC+ Int+3}
 44375 | Elf:3    | Received a gift from Trog
 44643 | Elf:3    | Found the +0 pair of fencer's gloves {Riposte Dex+3}
 44787 | Elf:3    | Found the +0 staff of Battle
 45122 | Vaults:1 | Entered Level 1 of the Vaults
 45388 | Orc:2    | Bought a scroll of enchant weapon for 105 gold pieces
 46482 | Vaults:1 | Reached XP level 21. HP: 180/180 MP: 21/21
 47432 | Vaults:2 | Received a gift from Trog
 47497 | Vaults:2 | Found a magical portal.
 47504 | WizLab   | Entered Maxwell's Workshop
 48636 | WizLab   | Identified the ring of the Shrike {Fire Contam rN+ Dex+4
                  | SInv}
 48650 | WizLab   | Found the +15 Maxwell's patent armour {-Cast -Tele rElec
                  | Will+ rCorr}
 49389 | Vaults:2 | Received a gift from Trog
 49393 | Vaults:2 | Noticed Saint Roka
 49413 | Vaults:2 | Killed Saint Roka
 49814 | Vaults:2 | Found Riatool's Armour Emporium.
 50052 | Vaults:2 | Received a gift from Trog
 50868 | Vaults:3 | Reached XP level 22. HP: 189/190 MP: 22/22
 50990 | Vaults:3 | Found a staircase to the Crypt.
 51481 | Vaults:3 | Found a portal to a secret trove of treasure.
 51558 | Vaults:3 | Received a gift from Trog
 53000 | Vaults:4 | Received a gift from Trog
 53908 | Vaults:4 | Reached XP level 23. HP: 198/198 MP: 23/23
 54115 | Vaults:5 | Entered Level 5 of the Vaults
 54129 | Vaults:5 | Received a gift from Trog
 54484 | Vaults:5 | Identified the +4 sling of the Fray {drain, rPois}
 54614 | Vaults:5 | Noticed a dread lich
 54627 | Vaults:5 | Noticed a dread lich
 54628 | Vaults:5 | Killed a dread lich
 54634 | Vaults:5 | Killed a dread lich
 54636 | Vaults:5 | Received a gift from Trog
 54646 | Vaults:5 | Noticed a golden dragon
 54658 | Vaults:5 | Killed a golden dragon
 54713 | Vaults:5 | Identified the +10 halberd of Amorality {vorpal, rN+ rCorr
                  | Int+2}
 54757 | Vaults:5 | Reached XP level 24. HP: 43/208 MP: 7/23
 54873 | Vaults:5 | Received a gift from Trog
 55061 | Vaults:5 | Identified the +1 plate armour "Gibe" {rPois Regen+}
 55066 | Vaults:5 | Identified the +2 arbalest of Bodily Humours {drain, rC+}
 55176 | Vaults:5 | Identified the ring of Dupnox {rF+++ Will- MP+9 AC+4 SInv}
 55194 | Vaults:5 | Identified the +8 dagger of Conscience {freeze, Stlth+}
 55197 | Vaults:5 | Identified the +0 scale mail of Midsummer {rElec rF+
                  | Will++}
 55285 | Vaults:5 | Noticed a dread lich
 55296 | Vaults:5 | Killed a dread lich
 55342 | Vaults:5 | Got a silver rune of Zot
 56969 | Slime:1  | Entered Level 1 of the Pits of Slime
 57453 | Slime:5  | Entered Level 5 of the Pits of Slime
 57473 | Slime:5  | Gained mutation: You have hidden genetic defects. [a
                  | shining eye]
 57483 | Slime:5  | Gained mutation: You are occasionally teleported next to
                  | monsters. [a shining eye]
 57546 | Slime:5  | Slain by a rockslime

Illustrated notes

Levels and vault maps discovered:
D:1:      lightli_arrival_boilingwater, layout_rooms
D:2:      layout_rooms, minmay_cupped
D:3:      layout_loops_corners, ebering_ecumenical_altar_webs, minmay_checkerbox
D:4:      layout_basic, minmay_temple_entry_drinking_statues,
          gup_sewer_entry_bubbles, minmay_fountain_box,
          minmay_misc_feat_diagonals, uniq_blork_the_orc, uniq_edmund
D:5:      layout_rooms
D:6:      layout_loops_cross, nrook_mini_vaults, grunt_tough_drop
D:7:      layout_gridville, uniq_duvessa, uniq_maggie, uniq_pikel
D:8:      layout_basic, jmf_multi_god_temple, dpeg_oklobed_lair,
          minmay_misc_feat_alley, kennysheep_generic_room_3
D:9:      layout_loops_ring, marbit_many_paths
D:10:     layout_cross, serial_column_ruins, column_ruins_hut,
          column_ruins_square_large, column_ruins_columns_straight,
          column_ruins_open_medium, column_ruins_open_small_water
D:11:     layout_rooms, orc_0_dummy, feat_on_display
D:12:     minmay_sliced_demisemicircle, layout_loops_corners
D:13:     nicolae_cairo_tiling_large_dashed, layout_grid_maze, drop_trap,
          nicolae_qazlal_eye_of_the_storm
D:14:     layout_layer_cave, grunt_vaults_entry_tiered, serial_bayou,
          serial_bayou_crossing, serial_bayou_shore_b, serial_bayou_lagoon_a,
          serial_bayou_pond_e, tgw_lugonu_bribe, uniq_kirke
D:15:     grunt_enter_depths_giant_problem, layout_long_grid, bh_walls_and_bars,
          okawaru_trees_2
Lair:1:   layout_chaotic_city, grunt_forest_small_clearing_treed
Lair:2:   layout_long_grid, shoals_dummy_entry, lemuel_fruit_tree, uniq_harold
Lair:3:   layout_chaotic_city, minmay_snake_entry_guardpost_large,
          forest_entry_grove
Lair:4:   layout_cave_pods, serial_bayou_shore_b, grunt_megastairs_5,
          uniq_nessos
Lair:5:   cheibrodos_lair_end_hotspot, layout_gridlike,
          dpeg_slime_entry_enclosed, kennysheep_snail_temple
Shoals:1: cheibrodos_shoals_roost, layout_shoals,
          nicolae_shoals_lost_giant_baths, nicolae_shoals_water_booths
Shoals:2: layout_shoals, lightli_airlock, uniq_louise
Shoals:3: layout_shoals, serial_shops, nicolae_take_the_stairs, uniq_ilsuiw
Shoals:4: shoals_end_simple, layout_shoals,
          nicolae_shoals_beach_house_on_fowls_legs, uniq_polyphemus
Snake:1:  layout_onion, nicolae_shop_unique_rings, serial_bayou_shore_b,
          grunt_megastairs_4
Snake:2:  layout_onion, st_stairs_11, nicolae_integral_box, uniq_aizul
Snake:3:  layout_rooms, ebering_ghost_reflecting_pool, minmay_shop_star,
          grunt_megastairs_2
Snake:4:  grunt_snake_rune_serpentine_throne, layout_cave_town, basic_altar,
          serial_bayou_shore_b, uniq_bai_suzhen
Slime:1:  layout_caves, cheibrodos_slime_lost_civilization_4
Slime:2:  layout_caves
Slime:3:  layout_caves
Slime:4:  layout_caves
Slime:5
Orc:1:    layout_diamond_mine, serial_shops, nicolae_shop_bloodbath_and_beyond,
          lightli_orcish_oven
Orc:2:    kennysheep_orc_mage_school, layout_diamond_mine, serial_shops, shop
Elf:1:    minmay_elf_arrival_circle, layout_onion_city, serial_shops, shop,
          uniq_agnes, uniq_donald
Elf:2:    nicolae_elf_blades_crystal_corner, layout_gridlike, basic_altar,
          kennysheep_underground_church
Elf:3:    minmay_elf_hall_x, layout_geoelf_castle, drop_trap, uniq_asterion
Vaults:1: serial_ice_m, v_pattern_1, grunt_vaults_hallway_long,
          vaults_dpeg_hooks, layout_vaults_chaotic_city
Vaults:2: mu_enter_wizlab_6, st_octagons_2, nicolae_vaults_angled_halls,
          hangedman_vaults_unwind, nicolae_vaults_windows_and_doors_thing,
          v_misc_25, nicolae_vaults_specimen_jars, vaults_room_pool,
          nicolae_vaults_sealed_display, ontoclasm_vaults_misaligned,
          layout_vaults_omnicross, serial_shops, shop, uniq_saint_roka
Vaults:3: minmay_crypt_entry_skeletal_spiral, ontoclasm_vaults_idyll,
          hangedman_vaults_capsules, nicolae_vaults_little_squares_6,
          nicolae_vaults_rhombus_6, nicolae_vaults_circle_grid_b,
          dpeg_vaults_monster_row, hangedman_vaults_variations, v_rooms_1,
          v_misc_17, v_misc_29, hangedman_vaults_nails, vaults_mumra_lcd,
          ontoclasm_vaults_hangar, serial_ice_g, nicolae_vaults_theta,
          layout_vaults_maze_bifur, enter_trove_6
Vaults:4: v_misc_29, dpeg_vaults_monster_box, ontoclasm_vaults_spin,
          vaults_dpeg_spiral, ontoclasm_vaults_ligature,
          vaults_room_grunt_arrival_ludios, v_misc_24, vaults_room_ringed_pool,
          ontoclasm_vaults_hangar, v_misc_8, nicolae_vaults_meeting,
          nicolae_vaults_border_crossing, nicolae_vaults_yaktaur_gun_rack,
          layout_vaults_omnibox
Vaults:5: serial_shops

Skill      XL: |  1  2  3  4  5  6  7  8  9 10 11 12 13 14 15 16 17 18 19 20 21 22 23 24 |
---------------+-------------------------------------------------------------------------+-----
Dodging        | 3 4 5 6 7 9 10 12 13 15 17 19 21 23 25 26 | 26.5
Polearms       | 5 6 7 9 11 14 17 18 19 20 22 23 24 25 26 | 26.4
Fighting       | 4 5 6 7 9 12 14 16 17 19 20 21 | 21.5
Throwing       | 2 4 6 10 11 12 14 16 | 16.0
Armour         | 2 4 6 7 8 10 12 13 14 | 14.4
Evocations     | 6 7 9 |  9.0
Stealth        | 3 |  3.0

Action                   |  1- 3 |  4- 6 |  7- 9 | 10-12 | 13-15 | 16-18 | 19-21 | 22-24 || total
-------------------------+-------+-------+-------+-------+-------+-------+-------+-------++-------
Melee: Spear             |    82 |       |       |       |       |       |       |       ||    82
       Tailslap          |     3 |     4 |     1 |       |       |    34 |     4 |       ||    46
       Halberd           |       |   181 |   305 |   684 |   451 |       |       |       ||  1621
       Trident           |       |       |       |    13 |    49 |       |       |       ||    62
       Punch             |       |       |       |       |     1 |       |       |       ||     1
       Bardiche          |       |       |       |       |   657 |  1285 |  1411 |  1084 ||  4437
       Glaive            |       |       |       |       |       |    24 |       |       ||    24
Throw: Stone             |     8 |     7 |     3 |    19 |       |       |       |       ||    37
       Dart              |       |       |       |     8 |    21 |       |       |       ||    29
       Throwing net      |       |       |       |       |     1 |       |       |       ||     1
       Boomerang         |       |       |       |       |    19 |    83 |    20 |    17 ||   139
       Javelin           |       |       |       |       |     1 |     2 |     7 |    12 ||    22
Invok: Berserk           |     2 |     3 |     7 |    16 |    16 |    13 |     4 |     5 ||    66
       Trog's Hand       |       |     2 |     5 |     7 |    11 |    12 |     5 |     8 ||    50
       Brothers in Arms  |       |       |       |       |     1 |     3 |     3 |     6 ||    13
Evoke: Wand              |       |       |     1 |       |     4 |     2 |       |       ||     7
       Tin of tremorston |       |       |       |       |       |     2 |       |     6 ||     8
       Condenser vane    |       |       |       |       |       |       |       |     2 ||     2
  Use: Scroll            |       |     7 |     7 |     5 |    10 |     9 |     9 |     1 ||    48
       Potion            |       |       |       |     1 |     2 |     3 |     1 |    10 ||    17
 Stab: Sleeping          |       |     6 |       |       |       |     1 |       |       ||     7
       Distracted        |       |     2 |       |       |     2 |     1 |     1 |     2 ||     8
       Invisible         |       |       |       |     1 |       |       |       |     1 ||     2
Armor: Animal skin       |     5 |    11 |       |       |       |       |       |       ||    16
       Leather armour    |       |     8 |       |       |       |       |       |       ||     8
       Ring mail         |       |    13 |     7 |       |       |       |       |       ||    20
       Chain mail        |       |       |   115 |       |       |       |       |       ||   115
       Plate armour      |       |       |    33 |   357 |   289 |       |    78 |   405 ||  1162
       Scale mail        |       |       |       |       |   166 |   464 |   284 |       ||   914
Dodge: Dodged            |    25 |   117 |   109 |   206 |   437 |   724 |   575 |   693 ||  2886
Block: Other             |       |       |       |    37 |   163 |   198 |   146 |   164 ||   708
       Reflection        |       |       |       |       |     9 |    30 |    22 |    11 ||    72
       Rpst.: Bardiche   |       |       |       |       |       |       |    57 |   156 ||   213

Table legend: (Time is in decaauts)
 A = Elapsed time spent in this place.
 B = Non-inter-level travel time spent in this place.
 C = Inter-level travel time spent in this place.
 D = Time resting spent in this place.
 E = Time spent auto-exploring this place.
 F = Levels seen in this place.
 G = Mean time per level.
                   A        B        C        D        E       F      G
               +--------+--------+--------+--------+--------+-----+--------+
         Total |  55672 |  49630 |   6042 |   5035 |  34373 |  47 | 1184.5 |
       Dungeon |  15945 |  14116 |   1829 |   1318 |  10073 |  15 | 1063.0 |
          Lair |   8618 |   7497 |   1121 |    746 |   5337 |   5 | 1723.6 |
        Shoals |   5669 |   5235 |    434 |    157 |   3986 |   4 | 1417.2 |
     Snake Pit |   6496 |   6015 |    481 |    732 |   4325 |   4 | 1624.0 |
    Slime Pits |    368 |    352 |     16 |    129 |      0 |   5 |   73.6 |
  Orcish Mines |   2454 |   1601 |    853 |    252 |   1085 |   2 | 1227.0 |
   Elven Halls |   6139 |   5588 |    551 |    721 |   3857 |   3 | 2046.3 |
        Vaults |   8210 |   7456 |    754 |    777 |   4830 |   5 | 1642.0 |
         Abyss |    288 |    288 |      0 |     12 |     55 |   2 |  144.0 |
         Sewer |    301 |    301 |      0 |      0 |    157 |   1 |  301.0 |
        Wizlab |   1180 |   1180 |      0 |    187 |    664 |   1 | 1180.0 |
               +--------+--------+--------+--------+--------+-----+--------+

Top non-repeatable levels by time:
   Elf:3: 2790 daAuts
  Lair:5: 2583 daAuts
Shoals:4: 2291 daAuts
 Snake:4: 2221 daAuts
    D:14: 1854 daAuts
  Lair:2: 1854 daAuts
Vaults:3: 1835 daAuts
    D:12: 1767 daAuts
Vaults:4: 1753 daAuts
     D:8: 1712 daAuts
   Elf:1: 1675 daAuts
   Elf:2: 1672 daAuts
Vaults:2: 1638 daAuts
Vaults:5: 1637 daAuts
 Snake:2: 1567 daAuts
